 Dungeon Crawl Stone Soup version 0.30-a0-949-g53dc5368d7 (webtiles) character file.

Game seed: 1896385119244753087

30764 2tousent the Brawler (level 13, -3/124 HPs)
             Began as a Troll Gladiator on Mar 27, 2023.
             Was an Elder of Elyvilon.
             Slain by a black mamba (4 damage)
             ... while petrified by a basilisk
             ... on level 5 of the Lair of Beasts.
             The game lasted 00:23:19 (11372 turns).

2tousent the Brawler (Troll Gladiator)             Turns: 11372, Time: 00:23:20

Health: -3/124     AC:  8    Str: 35    XL:     13   Next: 22%
Magic:  12/12      EV:  1    Int:  4    God:    Elyvilon [****..]
Gold:   421        SH:  0    Dex: 11    Spells: 12/12 levels left

rFire   + . .      SeeInvis .      - Unarmed
rCold   + . .      Faith    .    J - +2 kite shield
rNeg    + + +      Spirit   .    l - +2 robe {rC+ rF+}
rPois   ∞          Reflect  .    b - +0 hat
rElec   .          Rampage  .    w - +1 cloak {rPois}
rCorr   .                        (gloves unavailable)
Will    .....                    (boots unavailable)
Stlth   +                        (no amulet)
HPRegen 1.20/turn                f - +5 ring of evasion
MPRegen 0.13/turn                G - +6 ring of strength

@: lethally poisoned (-3 -> -3), petrified
A: large, unfitting armour, claws 3, regeneration 1, shaggy fur 1, tough skin 1
a: Renounce Religion, Purification, Heal Other, Heal Self


You were on level 5 of the Lair of Beasts.
You worshipped Elyvilon.
Elyvilon was greatly pleased with you.
You visited 3 branches of the dungeon, and saw 15 of its levels.
You also visited: Bailey.

You collected 701 gold pieces.
You spent 280 gold pieces at shops.

Inventory:

Missiles
 c - 4 throwing nets (quivered)
 d - a large rock
 i - 14 boomerangs
 q - 18 poisoned darts
 E - 8 datura-tipped darts
 K - 2 javelins
Armour
 a - a +0 robe
 b - a +0 hat (worn)
 l - a +2 robe of resistance (worn)
 w - a +1 cloak of poison resistance (worn)
 J - a +2 kite shield (worn)
Jewellery
 f - a +5 ring of evasion (left claw)
 p - a ring of protection from cold
 v - a ring of poison resistance
 G - a +6 ring of strength (right claw)
Wands
 y - a wand of light (5)
 z - a wand of polymorph (16)
 A - a wand of digging (13)
 D - a wand of paralysis (8)
 L - a wand of roots (7)
Scrolls
 n - a scroll of fear
 C - a scroll of summoning
 H - a scroll of enchant weapon
 I - 3 scrolls of identify
 M - 4 scrolls of magic mapping
Potions
 e - 5 potions of flight
 g - a potion of ambrosia
 j - 5 potions of curing
 k - 2 potions of mutation
 m - a potion of lignification
 o - a potion of heal wounds
 s - 2 potions of might {unknown}
 t - a potion of magic {unknown}
 x - 3 potions of degeneration {unknown}
 B - a potion of haste
 N - a potion of brilliance {unknown}
Miscellaneous
 r - a lightning rod (1/4)
 u - a phantom mirror (inert)
 F - a phantom mirror (inert)


   Skills:
 + Level 7.4 Fighting
 + Level 7.7 Throwing
 + Level 5.7 Dodging
 - Level 4.0 Shields
 * Level 17.8 Unarmed Combat


You had 12 spell levels left.
You didn't know any spells.
Your spell library contained the following spells:

 Spells                   Type           Power      Damage    Failure   Level
 Beastly Appendage        Tmut           0%         N/A       78%         1
 Kiss of Death            Conj/Necr      0%         2d5       78%         1
 Slow                     Hex            0%         N/A       78%         1
 Sublimation of Blood     Necr           0%         N/A       89%         2
 Wereblood                Tmut           0%         N/A       89%         2
 Confusing Touch          Hex            0%         N/A       98%         3
 Frozen Ramparts          Ice            0%         1d1       98%         3
 Spider Form              Tmut/Pois      0%         N/A       98%         3
 Vampiric Draining        Necr           0%         2d6       98%         3
 Animate Armour           Summ/Erth      0%         N/A       100%        4
 Dispel Undead            Necr           0%         3d6       100%        4
 Ice Form                 Ice/Tmut       0%         N/A       100%        4
 Petrify                  Tmut/Erth      0%         N/A       100%        4
 Summon Ice Beast         Ice/Summ       0%         N/A       100%        4
 Blade Hands              Tmut           0%         N/A       100%        5
 Irradiate                Conj/Tmut      0%         3d11      100%        5
 Iron Shot                Conj/Erth      0%         9d1       100%        6
 Summon Hydra             Summ           0%         N/A       100%        7


Dungeon Overview and Level Annotations

Branches:
Dungeon (9/15)             Temple (1/1) D:7            Lair (5/5) D:9
  Swamp (0/4) Lair:2       Spider (0/4) Lair:2       Bailey (visited)
  Slime: Lair:4-5       Orc: D:9-12

Altars:
Ashenzari
Cheibriados
Dithmenos
Elyvilon
Fedhas
Gozag
Hepliaklqana
Kikubaaqudgha
Makhleb
Nemelex Xobeh
Okawaru
Qazlal
Ru
Trog
Uskayaw
Vehumet
Wu Jian
Xom
Yredelemnul
Zin
The Shining One

Shops:
D:5 =!   D:6 :


Innate Abilities, Weirdness & Mutations

You are too large for most types of armour.
You have claws for hands.
Your natural rate of healing is unusually fast.
You are covered in fur. (AC +1)
You have tough skin. (AC +1)


Message History

The basilisk bites you but does no damage.
You have turned to stone.
The basilisk hisses angrily.
The black mamba bites you! The basilisk gazes at you. The basilisk bites you.
The black mamba bites you but does no damage.
The black mamba bites you but does no damage.
The basilisk gazes at you.
A komodo dragon comes into view.
The black mamba bites you! The black mamba bites you. The cane toad stings you!
The basilisk bites you.
The black mamba bites you but does no damage.
The cane toad stings you. The black mamba bites you! The basilisk gazes at you.
You easily resist.
The cane toad stings you!
* * * LOW HITPOINT WARNING * * *
The black mamba bites you!
* * * LOW HITPOINT WARNING * * *
The black mamba bites you.
* * * LOW HITPOINT WARNING * * *
The basilisk gazes at you. The cane toad stings you.
* * * LOW HITPOINT WARNING * * *
The black mamba bites you!
* * * LOW HITPOINT WARNING * * *
The basilisk gazes at you.
You easily resist.
The cane toad stings you!
* * * LOW HITPOINT WARNING * * *
The black mamba bites you!
* * * LOW HITPOINT WARNING * * *
The black mamba bites you.
* * * LOW HITPOINT WARNING * * *
The cane toad stings you!
* * * LOW HITPOINT WARNING * * *
The basilisk gazes at you.
A catoblepas comes into view.
The black mamba bites you!
You die...

..................#
.....)............##
..................#
.................#
......##....##P..#
#P...#.....#...#
#P.........##..#
...#####..P......#
#..#
..)..ll@..........#
..#
#....⌠F#S..........#
###...l#....##YP..##
#..##.#....####..##
## #.....P# #.#
#..#.... ...
.......... ..
...........


You could see a catoblepas (wandering), a komodo dragon, a black mamba, a cane
toad and 2 basilisks.

Vanquished Creatures
  3 hydras (Lair:5)
  5 death yaks (Lair:5)
  2 boulder beetles
  A two-headed ogre (D:5)
  An orc knight (Bailey)
  A deep elf pyromancer (D:7)
  4 elephants (Lair:4)
  A black mamba (Lair:3)
  6 cane toads
  A gargoyle (D:7)
  8 komodo dragons
  3 rime drakes
  A troll (D:7)
  3 polar bears
  24 blink frogs
  5 dream sheep (Lair:4)
  A jumping spider (Lair:2)
  2 shadows (D:7)
  2 wyverns (Lair:3)
  22 yaks
  Eustachio (D:4)
  2 steam dragons
  A basilisk (Lair:3)
  A redback (Lair:2)
  2 vampire mosquitoes (D:7)
  10 water moccasins
  5 orc warriors
  A swamp drake (Lair:2)
  A black bear (D:7)
  A sky beast (D:7)
  18 wolves
  4 centaurs
  2 phantoms
  Blork the orc (D:4)
  7 kobold brigands
  4 bullfrogs
  A gnoll sergeant (D:7)
  2 scorpions
  4 wights
  5 killer bees (D:7)
  3 howler monkeys
  An orc priest (D:6)
  A gnoll bouda (D:6)
  4 hounds
  6 iguanas
  4 orc wizards
  7 adders
  13 gnolls
  2 shadow imps
  A white imp (D:7)
  An ufetubus (D:7)
  2 worms
  3 dart slugs
  17 orcs
  12 ball pythons
  7 bats
  12 endoplasms
  5 giant cockroaches
  11 hobgoblins
  3 quokkas
  A frilled lizard (D:1)
  6 goblins
  21 kobolds
  7 rats
319 creatures vanquished.

Vanquished Creatures (others)
  A kobold (D:8)
  19 fungi
  36 plants
56 creatures vanquished.

Grand Total: 375 creatures vanquished

Notes
Turn   | Place    | Note
-------+----------+-------------------------------------------
     0 | D:1      | 2tousent the Troll Gladiator began the quest for the Orb.
     0 | D:1      | Reached XP level 1. HP: 19/19 MP: 0/0
   191 | D:1      | Reached XP level 2. HP: 27/27 MP: 1/1
   366 | D:1      | Reached skill level 4 in Unarmed Combat
   531 | D:1      | Reached XP level 3. HP: 35/35 MP: 2/2
   905 | D:2      | Reached XP level 4. HP: 42/42 MP: 3/3
   906 | D:2      | Reached skill level 5 in Unarmed Combat
  1262 | D:2      | Found a blossoming altar of Fedhas.
  1607 | D:3      | Noticed a phantom
  1618 | D:3      | Killed a phantom
  1619 | D:3      | Reached skill level 6 in Unarmed Combat
  1619 | D:3      | Reached XP level 5. HP: 43/49 MP: 4/4
  2333 | D:4      | Noticed Eustachio
  2345 | D:4      | Killed Eustachio
  2346 | D:4      | Reached skill level 7 in Unarmed Combat
  2346 | D:4      | Reached XP level 6. HP: 57/57 MP: 5/5
  2579 | D:4      | Found a snail-covered altar of Cheibriados.
  2640 | D:4      | Reached XP level 7. HP: 61/65 MP: 6/6
  2688 | D:4      | Found a basalt altar of Yredelemnul.
  2704 | D:4      | Noticed Blork the orc
  2712 | D:4      | Killed Blork the orc
  2713 | D:4      | Reached skill level 8 in Unarmed Combat
  2750 | D:4      | Found a sacrificial altar of Ru.
  2904 | D:5      | Entered Level 5 of the Dungeon
  3325 | D:5      | Found Loaqais's Jewellery Shoppe.
  3392 | D:5      | Found a hide-covered altar of Uskayaw.
  3422 | D:5      | Found an iron altar of Okawaru.
  3423 | D:5      | Noticed a two-headed ogre
  3428 | D:5      | Killed a two-headed ogre
  3429 | D:5      | Reached skill level 10 in Unarmed Combat
  3429 | D:5      | Reached XP level 8. HP: 52/72 MP: 7/7
  3733 | D:5      | Found Wuiva's Distillery.
  3739 | D:5      | Bought 2 potions of heal wounds for 140 gold pieces
  3739 | D:5      | Bought a potion of haste for 140 gold pieces
  4162 | D:6      | Identified the +2 sling of Rucvyrchi {flame, SInv}
  4235 | D:6      | Reached skill level 11 in Unarmed Combat
  4310 | D:6      | Found a sparkling altar of Nemelex Xobeh.
  4397 | D:6      | Found Omewetes's Book Shoppe.
  4835 | D:7      | Identified the +4 dagger of Edoubb {speed, Int+5}
  4856 | D:7      | Reached XP level 9. HP: 71/80 MP: 8/8
  4863 | D:7      | Reached skill level 12 in Unarmed Combat
  4899 | D:7      | Found a flagged portal.
  4904 | Bailey   | Entered a bailey
  4938 | Bailey   | Noticed an orc knight
  4941 | Bailey   | Reached skill level 13 in Unarmed Combat
  4972 | Bailey   | Killed an orc knight
  5047 | Bailey   | Identified the +6 whip "Sotapez" {venom, Contam +Blink
                  | rElec rCorr}
  5073 | Bailey   | Reached skill level 14 in Unarmed Combat
  5092 | Bailey   | Found an iron altar of Okawaru.
  5275 | D:7      | Reached XP level 10. HP: 79/89 MP: 9/9
  5438 | D:7      | Found a staircase to the Ecumenical Temple.
  5461 | Temple   | Entered the Ecumenical Temple
  5641 | Temple   | Became a worshipper of Elyvilon the Healer
  5845 | D:7      | Noticed a deep elf pyromancer
  5851 | D:7      | Noticed a gargoyle
  5858 | D:7      | Killed a deep elf pyromancer
  5865 | D:7      | Killed a gargoyle
  6377 | D:8      | Reached * piety under Elyvilon
  6521 | D:8      | Reached skill level 15 in Unarmed Combat
  6587 | D:8      | Found a glowing golden altar of the Shining One.
  6667 | D:8      | Reached ** piety under Elyvilon
  6883 | D:9      | Identified a scroll of acquirement
  6883 | D:9      | Acquired a +0 cloak of poison resistance
  6934 | D:9      | Found a staircase to the Lair.
  7002 | Lair:1   | Entered Level 1 of the Lair of Beasts
  7051 | Lair:1   | Noticed a cane toad
  7060 | Lair:1   | Killed a cane toad
  7131 | Lair:1   | Found a shimmering altar of Xom.
  7185 | Lair:1   | Noticed a cane toad
  7193 | Lair:1   | Killed a cane toad
  7194 | Lair:1   | Reached XP level 11. HP: 89/101 MP: 10/10
  7275 | Lair:1   | Reached *** piety under Elyvilon
  7314 | Lair:1   | Reached skill level 1 in Shields
  7317 | Lair:1   | You fall into a shaft and drop 1 floor!
  7435 | Lair:2   | Reached skill level 5 in Fighting
  7473 | Lair:2   | HP: 4/102 [cane toad (6)]
  7474 | Lair:2   | Elyvilon protects you from harm!
  7643 | Lair:2   | Reached skill level 5 in Throwing
  7797 | Lair:2   | Reached skill level 16 in Unarmed Combat
  8437 | Lair:2   | Found a hole to the Spider Nest.
  8555 | Lair:2   | Found a staircase to the Swamp.
  8750 | Lair:3   | Reached XP level 12. HP: 44/113 MP: 8/11
  8960 | Lair:3   | Reached **** piety under Elyvilon
  9858 | Lair:4   | Elyvilon protects you from harm!
  9976 | Lair:4   | Noticed a boulder beetle
  9987 | Lair:4   | Killed a boulder beetle
 10055 | Lair:4   | Reached ***** piety under Elyvilon
 10263 | Lair:4   | Reached skill level 17 in Unarmed Combat
 10392 | Lair:4   | Found a dark tunnel.
 10944 | Lair:5   | Entered Level 5 of the Lair of Beasts
 10953 | Lair:5   | Noticed an eight-headed hydra
 10967 | Lair:5   | Killed an eight-headed hydra
 10968 | Lair:5   | Reached skill level 5 in Dodging
 11018 | Lair:5   | Noticed a death yak
 11018 | Lair:5   | Noticed a death yak
 11018 | Lair:5   | Noticed a death yak
 11019 | Lair:5   | Noticed a death yak
 11019 | Lair:5   | Noticed a death yak
 11029 | Lair:5   | Killed a death yak
 11036 | Lair:5   | Killed a death yak
 11039 | Lair:5   | Killed a death yak
 11044 | Lair:5   | Killed a death yak
 11049 | Lair:5   | Noticed a six-headed hydra
 11050 | Lair:5   | Killed a death yak
 11053 | Lair:5   | HP: 7/177 [six-headed hydra (5)]
 11059 | Lair:5   | HP: 8/177 [blink frog (4)]
 11062 | Lair:5   | HP: 1/177 [blink frog (11)]
 11063 | Lair:5   | Elyvilon protects you from harm!
 11066 | Lair:5   | Killed a six-headed hydra
 11067 | Lair:5   | Reached XP level 13. HP: 8/124 MP: 5/12
 11372 | Lair:5   | HP: 1/124 [cane toad (8)]
 11372 | Lair:5   | Slain by a black mamba

Illustrated notes

Levels and vault maps discovered:
D:1:      lightli_arrival_chessboard, layout_loops_corners,
          minmay_stone_trees_medium
D:2:      layout_rooms, basic_altar
D:3:      layout_loops_corners, minmay_misc_feat_rows
D:4:      layout_loops_ring, mainiacjoe_overflow_big_doors,
          mainiacjoe_overflow_alcove_1, dreamdust_wishing_well, uniq_eustachio,
          uniq_blork_the_orc
D:5:      layout_basic, mainiacjoe_overflow_two_lobes, serial_shops, shop,
          minmay_shop_enchanted_jewellery, corexii_shack
D:6:      layout_loops_corners, mainiacjoe_overflow_24_doors, serial_shops,
          shop, grunt_decor_resistance
D:7:      layout_basic, temple_fountains, enter_bailey_1,
          minmay_shattered_shrine
D:8:      layout_gridville, nicolae_tso_swordbearing_angel,
          amcnicky_mini_rare_corridor_liquid, grunt_decor_cap
D:9:      layout_rooms, lemuel_coloured_pillars_altar, lair_entry_dummy
Temple:   eino_narrow_crystal_temple
Lair:1:   layout_regular_city, basic_altar, pdpol_lair_cavern_descent
Lair:2:   layout_layer_cave, minmay_swamp_entry_reptiles,
          spider_nest_entry_funnel_web, grunt_megastairs_3, serial_bayou_shore_a
Lair:3:   layout_layer_cave, grunt_forest_stairs_basic, grunt_megastairs_5,
          serial_bayou_shore_b
Lair:4:   layout_regular_city, serial_rivers, chequers_serial_rivers_micro_b,
          chequers_serial_rivers_marsh, chequers_serial_rivers_room_a,
          chequers_serial_rivers_micro_c, nicolae_volcano_entry_hallway,
          lemuel_fruit_fields
Lair:5:   due_jungle_book, layout_regular_city, slime_entry_2,
          grunt_megastairs_4, serial_bayou_shore_b

Skill      XL: |  1  2  3  4  5  6  7  8  9 10 11 12 |
---------------+-------------------------------------+-----
Unarmed Combat | 4 6 7 10 11 14 15 16 17 | 17.8
Fighting       | 2 4 5 7 |  7.4
Throwing       | 4 5 7 |  7.7
Dodging        | 4 5 |  5.7
Shields        | 3 4 |  4.0

Action                     |  1- 3 |  4- 6 |  7- 9 | 10-12 | 13-15 || total
---------------------------+-------+-------+-------+-------+-------++-------
  Melee: Unarmed           |    69 |   136 |   194 |   522 |    58 ||   979
         Punch             |     1 |     3 |     7 |     3 |       ||    14
  Throw: Throwing net      |       |       |     3 |       |       ||     3
         Large rock        |       |       |     1 |     1 |       ||     2
         Dart              |       |       |       |     3 |       ||     3
 Invoke: Heal Self         |       |       |       |     7 |     2 ||     9
         Heal Other        |       |       |       |     1 |       ||     1
         Purification      |       |       |       |     1 |       ||     1
  Evoke: Wand              |       |       |     4 |       |     1 ||     5
         Lightning rod     |       |       |       |       |     3 ||     3
         Phantom mirror    |       |       |       |       |     1 ||     1
    Use: Scroll            |       |     3 |     3 |    17 |       ||    23
         Potion            |       |       |       |    11 |       ||    11
   Stab: Sleeping          |       |     2 |     1 |       |       ||     3
         Paralysed         |       |       |     3 |       |       ||     3
 Armour: Robe              |    22 |    28 |    30 |   127 |    14 ||   221
         Skin              |       |       |       |    51 |     4 ||    55
  Dodge: Dodged            |    40 |   115 |   128 |   317 |    27 ||   627
  Block: Kite shield       |       |       |       |   234 |    31 ||   265

Table legend: (Time is in decaauts)
 A = Elapsed time spent in this place.
 B = Non-inter-level travel time spent in this place.
 C = Inter-level travel time spent in this place.
 D = Time resting spent in this place.
 E = Time spent auto-exploring this place.
 F = Levels seen in this place.
 G = Mean time per level.
                   A        B        C        D        E       F      G
               +--------+--------+--------+--------+--------+-----+--------+
         Total |  11217 |  10714 |    503 |    166 |   8635 |  16 |  701.1 |
       Dungeon |   6482 |   6175 |    307 |      0 |   5129 |   9 |  720.2 |
        Temple |    188 |    169 |     19 |      0 |    159 |   1 |  188.0 |
          Lair |   4308 |   4131 |    177 |    164 |   3229 |   5 |  861.6 |
        Bailey |    237 |    237 |      0 |      2 |    118 |   1 |  237.0 |
               +--------+--------+--------+--------+--------+-----+--------+

Top non-repeatable levels by time:
  Lair:2: 1361 daAuts
  Lair:3: 1138 daAuts
  Lair:4: 1084 daAuts
     D:7: 984 daAuts
     D:3: 959 daAuts
     D:6: 948 daAuts
     D:5: 938 daAuts
     D:1: 892 daAuts
     D:8: 605 daAuts
     D:4: 599 daAuts
     D:2: 429 daAuts
  Lair:5: 412 daAuts
  Lair:1: 310 daAuts
  Bailey: 237 daAuts
  Temple: 188 daAuts
